 Dungeon Crawl Stone Soup version 0.28.0-47-ge53b351184 (webtiles) character file.

Game seed: 6448846247276832154

84 Icepheonix32 the Chiller (level 4, -1/30 HPs)
             Began as a Demonspawn Ice Elementalist on May 4, 2022.
             Slain by an adder (2 damage)
             ... on level 2 of the Dungeon.
             The game lasted 00:03:12 (1949 turns).

Icepheonix32 the Chiller (DsIE)                     Turns: 1949, Time: 00:03:13

Health: -1/30      AC:  2    Str:  8    XL:     4   Next: 23%
Magic:  4/8        EV: 12    Int: 19    God:
Gold:   50         SH:  0    Dex: 13    Spells: 2/9 levels left

rFire   . . .      SeeInvis .   b - +0 dagger
rCold   . . .      Faith    .   (no shield)
rNeg    . . .      Spirit   .   a - +0 robe
rPois   .          Reflect  .   (no helmet)
rElec   .          Harm     .   (no cloak)
rCorr   .          Rampage  .   (no gloves)
Will    .....                   (no boots)
Stlth   ++........              (no amulet)
HPRegen 0.10/turn               (no ring)
MPRegen 0.11/turn               (no ring)

@: lethally poisoned (-1 -> -2), very slightly contaminated
A: demonic magic 3
a: no special abilities


You were on level 2 of the Dungeon.
You visited 1 branch of the dungeon, and saw 2 of its levels.

You collected 50 gold pieces.

Inventory:

Hand Weapons
 b - a +0 dagger (weapon)
Missiles
 c - 3 curare-tipped darts
Armour
 a - a +0 robe (worn)
Scrolls
 e - a scroll of identify {unknown}
Potions
 d - a potion of heal wounds {unknown}
 f - a potion of mutation {unknown}


   Skills:
 - Level 1.7 Dodging
 + Level 2.0 Stealth
 * Level 3.2 Spellcasting
 + Level 4.4 Ice Magic


You had 2 spell levels left.
You knew the following spells:

 Your Spells              Type           Power      Damage    Failure   Level
a - Freeze                Ice            76%        1d9       2%          1
b - Ozocubu's Armour      Ice            19%        N/A       7%          3
c - Frozen Ramparts       Ice            38%        1d5       7%          3

Your spell library contained the following spells:

 Spells                   Type           Power      Damage    Failure   Level
 Animate Skeleton         Necr           6%         N/A       16%         1
 Apportation              Tloc           6%         N/A       16%         1
 Summon Small Mammal      Summ           12%        N/A       16%         1
 Confusing Touch          Hex            3%         N/A       41%         3
 Hailstorm                Conj/Ice       11%        3d5       52%         4
 Yara's Violent Unravell  Hex/Tmut       1%         3d3       99%         5
 Enfeeble                 Hex            1%         N/A       100%        7


Dungeon Overview and Level Annotations

Branches:
Dungeon (2/15)

Altars:

Annotations:
D:2 Natasha


Innate Abilities, Weirdness & Mutations

Spells you cast and wands you use may paralyse nearby enemies.


Message History

The adder hisses angrily.
The adder bites you.
You are poisoned.
The adder poisons you! The adder barely misses you.
You closely miss the adder.
You feel sick. The adder misses you.
Unknown command.
Casting: Freeze (safe; 2% risk of failure)
Confirm with . or Enter, or press ? or * to list all spells.
Aiming: Freeze (safe; 2% risk of failure)
Press: ? - help, Shift-Dir - straight line, f - adder
Aim: an adder You miscast Freeze.
You are very lightly contaminated with residual magic.
Nothing appears to happen.
You feel sick. The adder bites you.
Unknown command.
Casting: Freeze (safe; 2% risk of failure)
Confirm with . or Enter, or press ? or * to list all spells.
The spell is quite dangerous to miscast (7% risk of failure)!
Continue anyway?
A film of ice covers your body! Malevolent energies surge around you.
Natasha suddenly stops moving!
You feel sick. The adder barely misses you. The adder misses you.
Unknown command.
Your icy armour will break if you move.
Continue?
Your icy armour cracks and falls away as you move.
You feel sick. The adder bites you.
The helpless Natasha fails to defend herself.
You hit Natasha.
Natasha is moderately wounded.
You feel sick. The adder bites you.
Unknown command.
The helpless Natasha fails to defend herself.
You hit Natasha.
Natasha is severely wounded.
You feel sick.
Natasha is no longer paralysed.
The adder bites you but does no damage. Natasha casts a spell at you.
The magic dart hits you!
* * * LOW HITPOINT WARNING * * *
The adder bites you.
You die...

.# #...†........
.###........#.##...###
.##.....#.....#..#...###
.##.#........##....(...###
##...........#............
##.#........##........#.#
##.###...#..#.....#.....#
##...###...##.#.h......#
#..#...###.#...S@......#
#........#####........##
...........#.###...#..#
..).....#.##...###...##
....#.....#..#...###.#
#........##........#.#
.........#...........#
........##........#.##
##...#..#.....#.....#


You could see Natasha and an adder.

Vanquished Creatures
  A gnoll (D:1)
  3 adders (D:2)
  2 dart slugs (D:1)
  3 ball pythons
  6 endoplasms
  3 giant cockroaches (D:1)
  3 goblins
  5 hobgoblins
  5 kobolds
  2 quokkas (D:1)
  3 bats (D:1)
  2 frilled lizards (D:1)
  5 rats (D:1)
43 creatures vanquished.

Notes
Turn   | Place    | Note
-------+----------+-------------------------------------------
     0 | D:1      | Icepheonix32 the Demonspawn Ice Elementalist began the
                  | quest for the Orb.
     0 | D:1      | Reached XP level 1. HP: 13/13 MP: 3/3
    55 | D:1      | Reached skill level 4 in Ice Magic
    55 | D:1      | Gained mutation: Spells you cast may paralyse adjacent
                  | enemies. [demonic ancestry]
    55 | D:1      | Reached XP level 2. HP: 13/19 MP: 0/5
   806 | D:1      | Found a faded altar of an unknown god.
   850 | D:1      | Gained mutation: Spells you cast may paralyse nearby
                  | enemies. [demonic ancestry]
   850 | D:1      | Reached XP level 3. HP: 24/24 MP: 3/6
   880 | D:1      | Learned a level 3 spell: Ozocubu's Armour
   884 | D:1      | Learned a level 3 spell: Frozen Ramparts
  1768 | D:2      | Gained mutation: Spells you cast and wands you use may
                  | paralyse nearby enemies. [demonic ancestry]
  1768 | D:2      | Reached XP level 4. HP: 30/30 MP: 5/8
  1942 | D:2      | Noticed Natasha
  1949 | D:2      | HP: 1/30 [Natasha/magic dart (11)]
  1949 | D:2      | Slain by an adder

Illustrated notes

Levels and vault maps discovered:
D:1:      dpeg_arrival_houses_and_road, layout_basic,
          hellmonk_ecumenical_altar_slurped_away
D:2:      minmay_skewed_foursquare, layout_basic, serial_shops,
          nicolae_shop_advertising_works [nicolae_subvault_shop_adworks],
          basic_altar, nrook_mini_vaults, uniq_natasha

Skill      XL: |  1  2  3  4 |
---------------+-------------+-----
Ice Magic      | 4 |  4.4
Spellcasting   | 3 |  3.2
Stealth        | 2 |  2.0
Dodging        | |  1.7

Action                   |  1- 3 |  4- 6 || total
-------------------------+-------+-------++-------
Melee: Dagger            |    29 |    15 ||    44
       Punch             |     2 |       ||     2
 Cast: Freeze            |    45 |     4 ||    49
       Ozocubu's Armour  |       |     2 ||     2
       Frozen Ramparts   |       |     1 ||     1
 Stab: Paralysed         |     9 |     3 ||    12
Armor: Robe              |    14 |     2 ||    16
Dodge: Dodged            |    43 |    10 ||    53
